 Dungeon Crawl Stone Soup version 0.19.5 (webtiles) character file.

5221 JeffiDaFish the Skirmisher (level 10, -2/64 HPs)
             Began as a Gargoyle Fighter on Apr 1, 2017.
             Was an Elder of Okawaru.
             Slain by an ice devil (23 damage)
             ... summoned by an orc sorcerer
             ... on level 8 of the Dungeon.
             The game lasted 00:15:19 (7127 turns).

JeffiDaFish the Skirmisher (Gargoyle Fighter)       Turns: 7127, Time: 00:15:20

Health: -2/64      AC: 26    Str: 19    XL:     10   Next: 61%
Magic:  10/10      EV:  6    Int: 10    God:    Okawaru [****..]
Gold:   266        SH: 11    Dex: 12    Spells: 0 memorised, 9 levels left

rFire  . . .     SeeInvis .     i - +0 whip (elec)
rCold  . . .     Gourm    .     o - +1 storm dragon scales
rNeg   + + .     Faith    .     c - +0 shield
rPois  ∞         Spirit   .     (no helmet)
rElec  +         Reflect  .     l - +1 cloak {MR+}
rCorr  .         Harm     .     (no gloves)
MR     ++...                    v - +1 pair of boots {Stlth+}
Stlth  ..........               (no amulet)
                                (no ring)
                                e - ring of positive energy

@: about to teleport, drained
A: talons 1, deterioration 1, magic resistance 1, negative energy resistance 1,
electricity resistance, unbreathing, petrification resistance, rot immunity, AC
+7
a: Heroism, Renounce Religion


You were on level 8 of the Dungeon.
You worshipped Okawaru.
Okawaru was greatly pleased with you.
You were very hungry.

You visited 2 branches of the dungeon, and saw 9 of its levels.

You collected 266 gold pieces.

Inventory:

Hand Weapons
 i - a +0 whip of electrocution (weapon)
 t - the +9 sword of Zonguldrok {reap}
   (You found it on level 4 of the Dungeon)

   If a monster killed with it leaves a corpse in good enough shape, the corpse
   will be animated as a zombie friendly to the killer.
Armour
 c - a +0 shield (worn)
 l - a +1 cloak of magic resistance (worn)
 o - +1 storm dragon scales (worn)
 v - a +1 pair of boots of stealth (worn)
Jewellery
 e - a ring of positive energy (left hand)
 w - an uncursed ring of magical power
 y - a +4 ring of slaying {unknown}
Wands
 p - a wand of teleportation (6/9)
Scrolls
 g - 3 scrolls of recharging
 k - 6 scrolls of remove curse
 r - 3 scrolls of identify
 B - a scroll of fog
Potions
 s - 2 potions of flight
 x - a potion of agility
 z - a potion of cancellation
Books
 m - a book of Misfortune

   Spells                             Type                      Level
   a - Confusing Touch                Hexes                        1
   b - Confuse                        Hexes                        3
   c - Gell's Gravitas                Hexes/Translocation          3
   d - Petrify                        Transmutation/Earth          4
   e - Metabolic Englaciation         Hexes/Ice                    5
   f - Yara's Violent Unravelling     Hexes/Transmutation          5
Comestibles
 f - 6 bread rations
 h - 2 beef jerkies
 n - 2 meat rations
 q - a slice of pizza
 u - 5 fruits


   Skills:
 + Level 7.6(7.5) Fighting
 * Level 7.3(7.1) Long Blades
 + Level 7.5(7.3) Maces & Flails
 + Level 7.5(7.3) Armour
 - Level 1.2(1.1) Dodging
 - Level 0.2(0.1) Stealth
 + Level 7.6(7.5) Shields


You had 9 spell levels left.
You didn't know any spells.

Dungeon Overview and Level Annotations

Branches:
Dungeon (8/15)             Temple (1/1) D:5
   Lair: D:8-11

Altars:
Ashenzari
Cheibriados
Dithmenos
Elyvilon
Fedhas
Gozag
Hepliaklqana
Kikubaaqudgha
Makhleb
Nemelex Xobeh
Okawaru
Qazlal
Ru
Sif Muna
Trog
Uskayaw
Vehumet
Xom
Yredelemnul
Zin
The Shining One


Innate Abilities, Weirdness & Mutations

You are resistant to torment.
Your stone body is resilient. (AC +7)
You are immune to poison.
You resist negative energy. (rN+)
You are resistant to electric shocks. (rElec)
You can survive without breathing.
You are immune to petrification.
You are immune to rotting.
You have sharp toenails.
Your body sometimes deteriorates upon taking damage.
You are resistant to hostile enchantments. (MR+)


Message History

The orc sorcerer shouts!
The orc shouts!
You hear a shout!
A deep elf mage comes into view. It is wielding a rapier.
The orc sorcerer casts a spell at you. The bolt of fire hits you!
You block the orc's attack.
The orc sorcerer hits you but does no damage.
An orc sorcerer comes into view. It is wielding a dagger of draining.
Your shield and storm dragon scales prevent you from hitting the orc sorcerer.
You block the orc's attack.
The orc sorcerer casts a spell.
You completely miss the orc sorcerer.
The orc sorcerer gestures at you while chanting.
The bolt of negative energy hits you! You partially resist.
You feel drained.
The deep elf mage mumbles some strange words.
The deep elf mage blinks!
The orc hits you with a flail.
As you read the scroll of teleportation, it crumbles to dust.
You feel strangely unstable. The orc sorcerer barely misses you.
The deep elf mage hits you with a rapier.
You barely miss the orc sorcerer. The orc barely misses you.
The ice devil hits you. The ice devil freezes you!!
You die...

###.#.### #.#
#.....# #.#
###.#.### #.#
#...#...# #.#
#.#####.# #.#
...#.....#
#.#
#####.#####
#.# #.....##
#.# #..#.o@e#
#.# #.
##4o..# #.# #
#.o...# #.#
}##..... #.#
.# ##.#♣P.
#.# ... #.#
## .# . #.. .
.. ..# ## #..
.#. ..# #..
..##.####
###########..


You could see an ice devil, a deep elf mage, 2 orc sorcerers and an orc.

Vanquished Creatures
  A hydra (D:8)
  An unseen horror (D:8)
  Pikel (D:7)
  2 cyclopes (D:8)
  A slime creature (D:8)
  A hippogriff (D:7)
  An orc warrior (D:6)
  An ice beast (D:7)
  A black bear (D:7)
  An ogre (D:4)
  3 bullfrogs
  A wyvern zombie (D:6)
  A gnoll sergeant (D:7)
  6 killer bees (D:7)
  A scorpion (D:8)
  13 wights
  2 bullfrog zombies
  3 crimson imps
  2 quasits (D:7)
  4 hounds
  3 orc wizards
  2 orc priests
  A bullfrog skeleton (D:7)
  An iguana (D:4)
  3 worker ants
  A hound skeleton (D:7)
  A worker ant zombie (D:7)
  7 gnolls
  11 adders
  2 shadow imps
  An ooze (D:1)
  An adder skeleton (D:5)
  A worm (D:6)
  2 dart slugs
  5 leopard geckos
  18 orcs
  4 ball pythons
  5 giant cockroaches
  9 goblins
  15 hobgoblins
  8 jackals
  6 quokkas
  5 bats
  6 frilled lizards
  A jackal zombie (D:8)
  5 kobolds
  15 rats
186 creatures vanquished.

Vanquished Creatures (collateral kills)
  A quokka (D:5)
1 creature vanquished.

Vanquished Creatures (others)
  4 slaves (D:7)
  A scorpion (D:7)
  An orc wizard (D:7)
  A shadow imp (D:7)
  An orc (D:7)
8 creatures vanquished.

Grand Total: 195 creatures vanquished

Notes
Turn   | Place    | Note
-------+----------+-------------------------------------------
     0 | D:1      | JeffiDaFish the Gargoyle Fighter began the quest for the Orb.
     0 | D:1      | Reached XP level 1. HP: 14/14 MP: 1/1
    32 | D:1      | Gained mutation: You are resistant to hostile enchantments. (MR+) [potion of mutation]
    32 | D:1      | Gained mutation: You have sharp toenails. [potion of mutation]
    32 | D:1      | Gained mutation: Your body sometimes deteriorates upon taking damage. [potion of mutation]
    84 | D:1      | Reached XP level 2. HP: 18/19 MP: 2/2
   252 | D:1      | Reached XP level 3. HP: 12/23 MP: 3/3
   952 | D:2      | Reached XP level 4. HP: 26/29 MP: 4/4
  1211 | D:2      | Found a faded altar of an unknown god.
  1666 | D:3      | Reached XP level 5. HP: 31/33 MP: 5/5
  1707 | D:3      | Found a sparkling altar of Nemelex Xobeh.
  1707 | D:3      | Found a radiant altar of Vehumet.
  1716 | D:3      | Found an iron altar of Okawaru.
  1718 | D:3      | Found an ancient bone altar of Kikubaaqudgha.
  1720 | D:3      | Found a hide-covered altar of Uskayaw.
  1723 | D:3      | Became a worshipper of Warmaster Okawaru
  2057 | D:3      | Found a shimmering altar of Xom.
  2142 | D:3      | Found a shadowy altar of Dithmenos.
  2248 | D:4      | Noticed an ogre
  2266 | D:4      | Reached skill level 1 in Dodging
  2271 | D:4      | Killed an ogre
  2271 | D:4      | Reached XP level 6. HP: 31/38 MP: 6/6
  2988 | D:4      | Found a sacrificial altar of Ru.
  3145 | D:5      | Entered Level 5 of the Dungeon
  3237 | D:5      | Reached XP level 7. HP: 41/44 MP: 7/7
  3296 | D:5      | Reached skill level 1 in Long Blades
  3300 | D:5      | Reached * piety under Okawaru
  3739 | D:5      | Reached skill level 5 in Maces & Flails
  3826 | D:5      | Found a staircase to the Ecumenical Temple.
  3832 | Temple   | Entered the Ecumenical Temple
  4562 | D:6      | Reached skill level 5 in Armour
  4562 | D:6      | Reached skill level 5 in Shields
  4571 | D:6      | Reached XP level 8. HP: 38/48 MP: 8/8
  4774 | D:6      | Reached skill level 5 in Fighting
  4891 | D:7      | Reached ** piety under Okawaru
  5309 | D:7      | Noticed Pikel
  5334 | D:7      | Killed Pikel
  5334 | D:7      | Reached skill level 5 in Long Blades
  5334 | D:7      | Reached XP level 9. HP: 38/55 MP: 9/9
  5412 | D:7      | Reached *** piety under Okawaru
  5414 | D:7      | Identified the cursed +1 leather armour of Supple Strength {MR- Str+8 Int+4} (You took it off an orc wizard on level 7 of the Dungeon)
  6315 | D:7      | Found a snail-covered altar of Cheibriados.
  6528 | D:8      | Noticed an eight-headed hydra
  6544 | D:8      | Killed an eight-headed hydra
  6544 | D:8      | Reached **** piety under Okawaru
  6544 | D:8      | Reached XP level 10. HP: 34/63 MP: 10/10
  6552 | D:8      | Killed an unseen horror
  6570 | D:8      | Noticed a cyclops
  6575 | D:8      | HP: 2/63 [cyclops (13)]
  6579 | D:8      | Killed a cyclops
  6886 | D:8      | Noticed a cyclops
  6903 | D:8      | Killed a cyclops
  7121 | D:8      | Noticed an orc sorcerer
  7122 | D:8      | Noticed a deep elf mage
  7124 | D:8      | Noticed an orc sorcerer
  7127 | D:8      | Slain by an ice devil

Skill      XL: |  1  2  3  4  5  6  7  8  9 10 |
---------------+-------------------------------+-----
Maces & Flails | 3 4 5 6 7 |  7.5
Shields        | 4 5 6 7 |  7.6
Armour         | 4 5 6 7 |  7.5
Fighting       | 4 5 7 |  7.6
Dodging        | 1 |  1.2
Long Blades    | 2 5 6 7 |  7.3
Stealth        | |  0.2

Action                   |  1- 3 |  4- 6 |  7- 9 | 10-12 || total
-------------------------+-------+-------+-------+-------++-------
Melee: Flail             |   143 |   265 |       |       ||   408
       Kick              |    36 |    52 |    17 |       ||   105
       Double sword      |       |     6 |    40 |       ||    46
       Whip              |       |       |   377 |    41 ||   418
  Use: Potion            |     1 |     5 |     4 |     1 ||    11
       Scroll            |     5 |     4 |     6 |     1 ||    16
  Eat: Chunk             |       |     7 |     8 |     1 ||    16
       Bread ration      |       |       |     1 |       ||     1
Armor: Scale mail        |    91 |   171 |       |       ||   262
       Chain mail        |       |       |    33 |       ||    33
       Storm dragon scal |       |       |   323 |    16 ||   339
Dodge: Dodged            |    47 |    93 |   129 |     3 ||   272
Block: Shield            |    69 |   162 |   263 |     4 ||   498
       Rpst.: Double sword |       |       |     1 |       ||     1
